 Dungeon Crawl Stone Soup version 0.30-b1-2-g02819fbbbe (webtiles) character file.

Game seed: 8699346238027605298

45582 Fartwhistle the Destroyer (level 14, -7/80 HPs)
             Began as a Gargoyle Venom Mage on June 8, 2023.
             Was an Initiate of Gozag.
             Killed from afar by a lindwurm (21 damage)
             ... with a blast of flame
             ... on level 5 of the Lair of Beasts.
             The game lasted 01:12:42 (26151 turns).

Fartwhistle the Destroyer (Gargoyle Venom Mage)    Turns: 26151, Time: 01:12:43

Health: -7/80      AC: 24    Str: 14    XL:     14   Next: 33%
Magic:  15/29      EV: 10    Int: 22    God:    Gozag
Gold:   1967       SH:  5    Dex: 10    Spells: 15/36 levels left

rFire   . . .        S - staff of earth
rCold   + . .        (no shield)
rNeg    + + .        d - +2 ring mail of the Forest {rC+ rN+ Int+3}
rPois   ∞            P - +2 hat {SInv}
rElec   +            H - +1 cloak
rCorr   .            C - +0 pair of gloves
SInv    +            t - +0 pair of boots
Will    +....        M - amulet of reflection
Stlth   +            (no ring)
HPRegen 0.33/turn    (no ring)
MPRegen 0.21/turn

%: reflection
@: on blink cooldown, flying, very slightly contaminated
A: sickness immunity, AC +10, big wings, negative energy resistance 1,
electricity resistance, torment resistance 1, petrification resistance
a: Renounce Religion, Potion Petition, Call Merchant, Bribe Branch


You were on level 5 of the Lair of Beasts.
You worshipped Gozag.
Gozag was most pleased with you.
You visited 3 branches of the dungeon, and saw 17 of its levels.
You also visited: Ossuary.

You collected 3871 gold pieces.
You spent 390 gold pieces at shops.
You paid 1514 gold pieces to Gozag.

Inventory:

Hand Weapons
 p - the +5 hammer of Incongruity {protect, rN+}
   (You found it on level 2 of the Dungeon)

   rN:        It protects you from negative energy.
Missiles
 v - 2 throwing nets
 y - 4 curare-tipped darts
 E - 15 poisoned darts
Armour
 a - a +0 robe
 d - the +2 ring mail of the Forest (worn) {rC+ rN+ Int+3}
   (You found it on level 10 of the Dungeon)

   Int:       It affects your intelligence (+3).
   rC:        It protects you from cold.
   rN:        It protects you from negative energy.
 t - a +0 pair of boots (worn)
 C - a +0 pair of gloves (worn)
 H - a +1 cloak (worn)
 P - a +2 hat of see invisible (worn)
Magical Staves
 S - a staff of earth (weapon)
Jewellery
 M - an amulet of reflection (around neck)
 N - a ring of ice
 R - a ring of protection from cold
 U - a +5 ring of evasion
 W - a ring of protection from fire
Wands
 m - a wand of flame (40)
 A - a wand of polymorph (3)
 D - a wand of digging (11)
 I - a wand of roots (1)
 J - a wand of light (15)
 V - a wand of charming (5)
Scrolls
 c - 5 scrolls of enchant weapon
 f - 4 scrolls of teleportation
 g - 3 scrolls of fear
 i - 5 scrolls of poison
 l - a scroll of blinking {unknown}
 o - a scroll of torment
 r - 2 scrolls of vulnerability
 s - 3 scrolls of amnesia
 u - 2 scrolls of fog
 z - a scroll of immolation
 L - 5 scrolls of magic mapping {unknown}
 O - 2 scrolls of brand weapon
 X - 3 scrolls of identify
Potions
 b - 3 potions of magic
 e - a potion of might
 h - 5 potions of flight
 j - a potion of ambrosia
 k - 4 potions of resistance
 n - 3 potions of brilliance
 q - 2 potions of haste
 w - 9 potions of curing
 x - 2 potions of lignification
 B - 4 potions of attraction
 F - 5 potions of heal wounds
 K - a potion of mutation
 Q - 3 potions of cancellation
 T - a potion of berserk rage
Miscellaneous
 G - a lightning rod (4/4)


   Skills:
 + Level 6.8 Fighting
 - Level 2.0 Armour
 - Level 1.5 Dodging
 - Level 2.1 Stealth
 + Level 11.7 Spellcasting
 + Level 14.9 Conjurations
 - Level 2.8 Transmutations
 - Level 2.0 Air Magic
 + Level 14.8 Earth Magic
 - Level 7.7 Poison Magic


You had 15 spell levels left.
You knew the following spells:

 Your Spells              Type           Power      Damage    Failure   Level
a - Sting                 Tmut/Pois      100%       1d8       1%          1
b - Poisonous Vapours     Pois/Air       68%        N/A       1%          2
c - Mephitic Cloud        Conj/Pois/Air  49%        N/A       1%          3
d - Olgreb's Toxic Radia  Pois           46%        N/A       4%          4
e - Stone Arrow           Conj/Erth      100%       3d13      1%          3
f - Blink                 Tloc           24%        N/A       16%         2
g - Iron Shot             Conj/Erth      43%        9d8       3%          6

Your spell library contained the following spells:

 Spells                   Type           Power      Damage    Failure   Level
 Magic Dart               Conj           100%       1d8       1%          1
 Sandblast                Erth           100%       2d20      1%          1
 Passwall                 Tmut/Erth      55%        N/A       1%          2
 Animate Armour           Summ/Erth      100%       N/A       4%          4
 Summon Small Mammal      Summ           48%        N/A       10%         1
 Call Imp                 Summ           24%        N/A       16%         2
 Call Canine Familiar     Summ           12%        N/A       30%         3
 Summon Guardian Golem    Hex/Summ       12%        N/A       30%         3
 Blade Hands              Tmut           12%        N/A       65%         5
 Manifold Assault         Tloc           12%        N/A       69%         4
 Passage of Golubria      Tloc           12%        N/A       69%         4
 Lehudib's Crystal Spear  Conj/Erth      43%        10d11     83%         8
 Silence                  Hex/Air        8%         N/A       88%         5
 Storm Form               Tmut/Air       11%        N/A       100%        7


Dungeon Overview and Level Annotations

Branches:
Dungeon (11/15)            Temple (1/1) D:5            Lair (5/5) D:9
 Shoals (0/4) Lair:2        Snake (0/4) Lair:3        Slime (0/5) Lair:4
Ossuary (visited)
    Orc: D:9-12

Altars:
Ashenzari
Dithmenos
Elyvilon
Fedhas
Gozag
Hepliaklqana
Kikubaaqudgha
Makhleb
Nemelex Xobeh
Okawaru
Qazlal
Ru
Sif Muna
Trog
Uskayaw
Vehumet
Wu Jian
Xom
Yredelemnul
Zin
The Shining One
Jiyva

Shops:
D:4 !   Lair:4 *

Annotations:
D:7 exclusion: oklob plant
D:10 3 runed translucent doors, kwasso's ghost, novice OpEE
Lair:5 1 runed translucent door, exclusion: oklob plant


Innate Abilities, Weirdness & Mutations

You are immune to sickness and miasma.
Your stone body is resilient. (AC +10)
You are immune to poison.
Your large and strong wings let you fly.
You resist negative energy. (rN+)
You are resistant to electric shocks. (rElec)
You are resistant to unholy torment.
You are immune to petrification.


Message History

You start waiting.
Done waiting.
You now have 1935 gold pieces (gained 15).
You now have 1967 gold pieces (gained 32).
x - 2 potions of lignification (gained 1)
Found 2 stones.
X - 3 scrolls of identify (gained 1)
A tyrant leech and a lindwurm come into view.
Found a thick runed staff.
The lindwurm roars!
The lindwurm breathes flames at you. The blast of flame hits you!!!
Casting: Iron Shot (dangerous; 3% risk of failure)
Confirm with . or Enter, or press ? or * to list all spells.
You blink.
The lindwurm breathes flames at you. The blast of flame hits you!
The tyrant leech bites you but does no damage.
Casting: Blink (safe; 16% risk of failure)
Confirm with . or Enter, or press ? or * to list all spells.
Aiming: Iron Shot (dangerous; 3% risk of failure)
Press: ? - help, Shift-Dir - straight line, f - lindwurm
Aim: a lindwurm (catching its breath, 89% to hit)
You feel a surge of power!
You miscast Iron Shot.
You are very lightly contaminated with residual magic.
Nothing appears to happen.
The lindwurm bites you.
The lindwurm claws you but does no damage. x2
Casting: Iron Shot (dangerous; 3% risk of failure)
Confirm with . or Enter, or press ? or * to list all spells.
Aiming: Iron Shot (dangerous; 3% risk of failure)
Press: ? - help, Shift-Dir - straight line, f/p - lindwurm
Aim: a lindwurm (89% to hit)
You feel a surge of power!
The iron shot hits the lindwurm!!!
The lindwurm is almost dead.
The tyrant leech bites you!!
* * * LOW HITPOINT WARNING * * *
The lindwurm breathes flames at you. The blast of flame hits you!!
You die...
Your body crumbles into a pile of gold.

###.....
###.## ## ###
##.### ######
#..|.#
##....##
.?...##
##......#
##.....#
#.......#
#....#
##(....##
#@w.#
##......#
#.k###
##.#....##
##...##
#.#...###
##...####...##
##§..#....####
###.......#.#
###......##
###.....###
###.....#


You could see a tyrant leech and a lindwurm (catching breath).

Vanquished Creatures
  Gastronok (D:9)
  A catoblepas (Lair:3)
  A hydra (Lair:5)
  2 boulder beetles
  8 death yaks
  3 skysharks
  A lindwurm (Lair:5)
  A merfolk siren (Lair:2)
  9 elephants
  5 black mambas
  4 torpor snails (Lair:5)
  10 cane toads
  6 rime drakes
  8 komodo dragons
  An unseen horror (D:10)
  3 merfolk (Lair:2)
  4 polar bears
  2 tyrant leeches (Lair:5)
  3 hornets
  9 blink frogs
  5 dream sheep (Lair:5)
  5 wyverns
  Sigmund (D:2)
  62 yaks
  2 shadows
  A wraith (Ossuary)
  Eustachio (D:4)
  A steam dragon (D:9)
  A basilisk (Lair:5)
  13 water moccasins
  3 acid dragons
  2 hell hounds (Lair:3)
  An ice beast (D:6)
  An orc warrior (D:9)
  A black bear (D:6)
  An ogre (D:4)
  21 wolves
  2 centaurs
  A phantom (D:7)
  11 bullfrogs
  A gnoll sergeant (D:7)
  2 scorpions
  3 wights (D:7)
  15 killer bees
  An electric eel (Lair:1)
  A howler monkey (D:9)
  2 vampire bats (D:3)
  3 lava snakes (D:10)
  A jelly (D:8)
  3 hounds
  3 orc priests
  6 iguanas
  Crazy Yiuf (D:2)
  Natasha (thrice) (D:4)
  3 orc wizards
  3 sleepcaps
  4 hell rats
  A mummy (Ossuary)
  Robin (D:2)
  5 adders
  8 gnolls
  5 river rats (Lair:2)
  A shadow imp (D:6)
  A white imp (D:6)
  A worm (D:2)
  2 dart slugs
  21 orcs
  4 ball pythons
  2 bat skeletons (D:3)
  4 bat zombies (D:3)
  4 endoplasms
  2 giant cockroaches (D:3)
  12 goblins
  9 hobgoblins
  3 jackals (D:3)
  3 quokkas
  4 bats
  2 frilled lizards (D:1)
  2 gnoll skeletons (Ossuary)
  8 kobolds
  6 kobold skeletons (Ossuary)
  17 orc skeletons (Ossuary)
  7 rats
408 creatures vanquished.

Vanquished Creatures (others)
  12 bushes
  63 fungi
  120 plants
  13 toadstools (D:7)
208 creatures vanquished.

Grand Total: 616 creatures vanquished

Notes
Turn   | Place    | Note
-------+----------+-------------------------------------------
     0 | D:1      | Fartwhistle the Gargoyle Venom Mage began the quest for the
                  | Orb.
     0 | D:1      | Reached XP level 1. HP: 10/10 MP: 3/3
    47 | D:1      | Found a faded altar of an unknown god.
   106 | D:1      | Reached skill level 1 in Transmutations
   166 | D:1      | Reached XP level 2. HP: 15/15 MP: 3/5
   749 | D:1      | Reached XP level 3. HP: 12/19 MP: 3/6
  1179 | D:1      | Learned a level 2 spell: Poisonous Vapours
  1469 | D:2      | Noticed Robin
  1747 | D:2      | Noticed Sigmund
  1989 | D:2      | Killed Robin
  1990 | D:2      | Reached XP level 4. HP: 24/24 MP: 4/8
  2481 | D:2      | Killed Sigmund
  2482 | D:2      | Reached XP level 5. HP: 19/28 MP: 0/10
  2482 | D:2      | Reached XP level 6. HP: 22/32 MP: 0/11
  2486 | D:2      | Learned a level 3 spell: Mephitic Cloud
  2584 | D:2      | Found a runed translucent door.
  2585 | D:2      | Noticed Crazy Yiuf
  2799 | D:2      | Killed Crazy Yiuf
  2854 | D:2      | Identified the +5 hammer of Incongruity {protect, rN+}
  3359 | D:3      | Found an ancient bone altar of Kikubaaqudgha.
  3375 | D:3      | Reached skill level 1 in Fighting
  3565 | D:3      | Found a basalt altar of Yredelemnul.
  3565 | D:3      | Found a hazy altar of Hepliaklqana.
  3921 | D:4      | Reached skill level 1 in Air Magic
  3926 | D:4      | Learned a level 4 spell: Olgreb's Toxic Radiance
  3936 | D:4      | Found Raitom's Distillery.
  3943 | D:4      | Bought a potion of curing for 30 gold pieces
  3943 | D:4      | Bought a potion of heal wounds for 50 gold pieces
  3943 | D:4      | Bought a potion of curing for 30 gold pieces
  3943 | D:4      | Bought a potion of haste for 100 gold pieces
  3986 | D:4      | Noticed Natasha
  3993 | D:4      | Killed Natasha
  3998 | D:4      | Reached XP level 7. HP: 36/38 MP: 8/13
  4042 | D:4      | Noticed Eustachio
  4077 | D:4      | Killed Eustachio
  4078 | D:4      | Reached skill level 5 in Poison Magic
  4390 | D:4      | Noticed Natasha
  4400 | D:4      | Killed Natasha
  4622 | D:4      | Noticed Natasha
  4629 | D:4      | Killed Natasha
  4935 | D:5      | Entered Level 5 of the Dungeon
  4961 | D:5      | Found a sand-covered staircase.
  4971 | Ossuary  | Entered an ossuary
  4971 | Ossuary  | Noticed a wraith
  4971 | Ossuary  | Noticed a wraith
  4971 | Ossuary  | Noticed a wraith
  5105 | Ossuary  | Noticed a wraith
  5133 | Ossuary  | HP: 1/41 [wraith (8)]
  5308 | Ossuary  | Killed a wraith
  5309 | Ossuary  | Reached XP level 8. HP: 38/48 MP: 13/15
  5613 | D:5      | Reached skill level 5 in Spellcasting
  5886 | D:5      | Found a staircase to the Ecumenical Temple.
  5899 | Temple   | Entered the Ecumenical Temple
  7933 | D:7      | Reached XP level 9. HP: 24/52 MP: 18/18
  8172 | D:7      | Found a blossoming altar of Fedhas.
  8192 | D:7      | Noticed an oklob plant
  9347 | Temple   | Became a worshipper of Gozag Ym Sagoz the Greedy
  9508 | D:8      | Learned a level 3 spell: Stone Arrow
  9642 | D:8      | Reached skill level 1 in Conjurations
 10522 | D:9      | Reached skill level 5 in Conjurations
 10564 | D:9      | Reached XP level 10. HP: 58/58 MP: 14/21
 10723 | D:9      | Found a stormy altar of Qazlal.
 10723 | D:9      | Found a hide-covered altar of Uskayaw.
 10904 | D:9      | Found a staircase to the Lair.
 11293 | D:10     | Entered Level 10 of the Dungeon
 11717 | D:10     | Found a glowing silver altar of Zin.
 11820 | D:10     | Found a runed translucent gate.
 11820 | D:10     | Found a runed translucent gate.
 11820 | D:10     | Found a runed translucent gate.
 11821 | D:10     | Found a viscous altar of Jiyva.
 11821 | D:10     | Noticed kwasso's ghost (novice OpEE)
 11821 | D:10     | Noticed a great orb of eyes
 12050 | Lair:1   | Entered Level 1 of the Lair of Beasts
 12104 | D:9      | Learned a level 2 spell: Blink
 12224 | Lair:1   | Noticed a cane toad
 12227 | Lair:1   | Killed a cane toad
 12464 | Lair:1   | Reached skill level 10 in Conjurations
 12748 | Lair:1   | Noticed a cane toad
 12777 | Lair:1   | Killed a cane toad
 12778 | Lair:1   | Reached XP level 11. HP: 57/62 MP: 2/24
 13007 | Lair:1   | Noticed Gastronok
 13595 | D:9      | Killed Gastronok
 14018 | D:10     | Identified the +2 ring mail of the Forest {rC+ rN+ Int+3}
 14062 | D:10     | Identified the +0 chain mail of Elyvilon's Hope {Drain
                  | +Blink +Inv}
 14402 | D:11     | Reached skill level 1 in Armour
 14449 | D:11     | Noticed a skeletal warrior
 14451 | D:11     | Noticed a skeletal warrior
 15172 | Lair:2   | Noticed a death yak
 15173 | Lair:2   | Noticed a death yak
 15173 | Lair:2   | Noticed a death yak
 15222 | Lair:1   | Killed a death yak
 15333 | Lair:1   | Learned a level 6 spell: Iron Shot
 15618 | Lair:1   | Killed a death yak
 15619 | Lair:1   | Reached XP level 12. HP: 19/67 MP: 18/25
 15621 | Lair:1   | Killed a death yak
 15831 | Lair:2   | Noticed a skyshark
 15836 | Lair:2   | Killed a skyshark
 15837 | Lair:2   | Reached skill level 5 in Earth Magic
 15985 | Lair:2   | Found a staircase to the Shoals.
 17933 | Lair:3   | Noticed a catoblepas
 17979 | Lair:3   | Killed a catoblepas
 17980 | Lair:3   | Reached skill level 10 in Earth Magic
 18194 | Lair:3   | Found a staircase to the Snake Pit.
 18226 | Lair:3   | Noticed a death yak
 18227 | Lair:3   | Noticed a death yak
 18382 | Lair:2   | Killed a death yak
 18596 | Lair:2   | Killed a death yak
 19364 | Lair:3   | Noticed a death yak
 19364 | Lair:3   | Noticed a death yak
 19366 | Lair:3   | Noticed a death yak
 19481 | Lair:3   | Killed a death yak
 19482 | Lair:3   | Reached skill level 10 in Spellcasting
 19482 | Lair:3   | Reached XP level 13. HP: 72/72 MP: 10/27
 20889 | Lair:4   | Found a staircase to the Slime Pits.
 22108 | Lair:5   | Entered Level 5 of the Lair of Beasts
 22276 | Lair:4   | Bought a gilded ring for 180 gold pieces
 23091 | Lair:5   | Reached skill level 5 in Fighting
 23740 | Lair:5   | Gained mutation: Your large and strong wings let you fly.
                  | [Gargoyle growth]
 23740 | Lair:5   | Reached XP level 14. HP: 79/79 MP: 3/29
 25706 | Lair:5   | Found a runed translucent door.
 26151 | Lair:5   | Killed from afar by a lindwurm

Illustrated notes

Levels and vault maps discovered:
D:1:      dpeg_arrival_simpleton_b, layout_basic, basic_ecumenical_altar
D:2:      layout_basic, hangedman_decor_slide_cut, uniq_crazy_yiuf_cottage,
          uniq_robin, uniq_sigmund
D:3:      layout_loops_ring, kennysheep_vampire_church,
          gammafunk_temple_overflow_wave
D:4:      layout_basic, serial_shops, shop, uniq_eustachio, uniq_natasha
D:5:      layout_basic, minmay_temple_entry_proselytizer,
          nicolae_ossuary_entry_ruins
D:6:      layout_loops_corners
D:7:      layout_loops_corners, tgw_fedhas, chequers_mini_garden
D:8:      layout_rooms, kennysheep_doodads
D:9:      layout_basic, grunt_temple_overflow_open, lair_entry_dummy,
          feat_on_display
D:10:     layout_big_octagon, mainiacjoe_overflow_24_doors, gammafunk_ghost_ooze
D:11:     layout_basic, david_orc_4
Temple:   nicolae_temple_superstar
Lair:1:   layout_misc_corridors, nicolae_quartered_pool_medium,
          grunt_megastairs_3, uniq_gastronok
Lair:2:   layout_small_grid, elwin_shoals_entry_stream,
          kennysheep_abandoned_house, lemuel_fruit_tree
Lair:3:   layout_roguey, dummy_snake_entry, enter_volcano_3, grunt_megastairs_4
Lair:4:   layout_long_grid, slime_entry_1, infiniplex_staircase_pool_2
Lair:5:   wormcave, layout_loops_ring, st_stairs_7, pdpol_lair_neglected_garden,
          chequers_serial_rivers_small_b, minivault_19, minmay_lair_drake_nest

Skill      XL: |  1  2  3  4  5  6  7  8  9 10 11 12 13 14 |
---------------+-------------------------------------------+-----
Transmutations | 1 2 |  2.8
Spellcasting   | 3 4 6 7 9 10 11 | 11.7
Poison Magic   | 4 5 7 |  7.7
Fighting       | 1 3 4 5 6 |  6.8
Air Magic      | 1 2 |  2.0
Conjurations   | 6 10 14 | 14.9
Armour         | 2 |  2.0
Earth Magic    | 3 11 14 | 14.8
Dodging        | |  1.5
Stealth        | |  2.1

Action                     |  1- 3 |  4- 6 |  7- 9 | 10-12 | 13-15 || total
---------------------------+-------+-------+-------+-------+-------++-------
  Melee: Unarmed           |    28 |     3 |     2 |       |       ||    33
         Mace              |       |    71 |   307 |   130 |       ||   508
         Punch             |       |     1 |     2 |     5 |     1 ||     9
         Staff             |       |       |       |       |    32 ||    32
  Throw: Throwing net      |       |       |     1 |       |       ||     1
   Cast: Sting             |    46 |    14 |    28 |       |       ||    88
         Poisonous Vapours |    10 |    18 |    40 |    70 |    37 ||   175
         Mephitic Cloud    |       |       |     4 |    24 |     1 ||    29
         Olgreb's Toxic Ra |       |       |    11 |    56 |    33 ||   100
         Stone Arrow       |       |       |     8 |   112 |    96 ||   216
         Blink             |       |       |       |     6 |     1 ||     7
         Iron Shot         |       |       |       |    10 |    55 ||    65
 Invoke: Potion Petition   |       |       |       |     1 |       ||     1
         Call Merchant     |       |       |       |       |     1 ||     1
  Evoke: Wand              |     6 |       |    15 |     9 |     3 ||    33
         Lightning rod     |       |       |       |     1 |     2 ||     3
    Use: Scroll            |       |     1 |    12 |     5 |     8 ||    26
         Potion            |       |       |     6 |     1 |       ||     7
   Stab: Sleeping          |     1 |     1 |       |       |       ||     2
         Confused          |       |       |     1 |     3 |       ||     4
         Distracted        |       |       |       |       |     1 ||     1
 Armour: Robe              |    26 |    74 |   198 |    63 |       ||   361
         Skin              |       |       |    13 |       |       ||    13
         Ring mail         |       |       |       |   108 |   137 ||   245
  Dodge: Dodged            |    35 |    82 |   228 |   131 |    74 ||   550
  Block: Other             |       |       |     5 |    64 |    38 ||   107
         Reflection        |       |       |       |     4 |     2 ||     6
